 Dungeon Crawl Stone Soup version 0.23.0 (webtiles) character file.

Game seed: 15915291683038215621

10673 Jannitor the Transmogrifier (level 11, 0/123 HPs)
             Began as a Kobold Transmuter on Feb 11, 2019.
             Was a Believer of Uskayaw.
             Succumbed to a black mamba's poison
             ... on level 1 of the Lair of Beasts.
             The game lasted 00:27:49 (17019 turns).

Jannitor the Transmogrifier (Kobold Transmuter)    Turns: 17019, Time: 00:27:50

Health: 0/123      AC: 25    Str:  5 (8)  XL:     11   Next: 97%
Magic:  3/16       EV:  3    Int: 15 (18) God:    Uskayaw [**....]
Gold:   528        SH:  0    Dex: 23 (24) Spells: 5/16 levels left

rFire    . . .     SeeInvis .     - Unarmed
rCold    . . .     Gourm    .   (shield restricted)
rNeg     + + +     Faith    .   (armour currently unavailable)
rPois    +         Spirit   +   (helmet currently unavailable)
rElec    .         Reflect  .   (cloak currently unavailable)
rCorr    .         Harm     .   (gloves currently unavailable)
MR       .....     NoTele   +   (boots currently unavailable)
Stlth    +++.......             a - amulet of guardian spirit
HPRegen  0.30/turn              s - +4 ring of dexterity
MPRegen  0.15/turn              (no ring)

@: agile, lethally poisoned (0 -> -3), tree-form, marked, very slightly
contaminated, invisible
A: small, carnivore, robust 2
a: Stomp, Line Pass, Renounce Religion


You were on level 1 of the Lair of Beasts.
You worshipped Uskayaw.
Uskayaw was noncommittal.
You were completely stuffed.
You were a tree.
You visited 2 branches of the dungeon, and saw 10 of its levels.

You collected 528 gold pieces.

Inventory:

Missiles
 i - 28 arrows
Armour
 b - a +0 robe
 h - a scarf of cloud immunity (melded)
 t - +0 ice dragon scales
 u - a +5 ring mail of magic resistance (melded)
 w - a +2 shield
 y - a +0 pair of boots (melded)
 z - a +1 hat of magic resistance (melded)
Jewellery
 a - an amulet of guardian spirit (around neck)
 s - a +4 ring of dexterity (left branch)
Wands
 c - a wand of random effects (18)
 n - a wand of paralysis (6)
 r - a wand of polymorph (7)
 v - a wand of iceblast (6)
 C - a wand of flame (26)
Scrolls
 e - a scroll of blinking
 j - 2 scrolls of teleportation
 k - 2 scrolls of enchant weapon
 l - 2 scrolls of fog
 m - 2 scrolls of immolation
 q - 3 scrolls of amnesia
 x - a scroll of torment
 D - 2 scrolls of remove curse
Comestibles
 d - 13 rations
 F - 7 chunks of flesh


   Skills:
 + Level 8.8 Fighting
 - Level 5.5 Armour
 - Level 3.5 Dodging
 + Level 8.5 Unarmed Combat
 - Level 3.2 Spellcasting
 * Level 9.0 Transmutations
 - Level 1.8 Poison Magic
 - Level 7.0 Invocations
 - Level 5.3 Evocations


You had 5 spell levels left.
You knew the following spells:

 Your Spells              Type           Power        Failure   Level  Hunger
a - Beastly Appendage     Tmut           ####..       1%          1    #......
b - Sticks to Snakes      Tmut           ####....     1%          2    ##.....
c - Spider Form           Tmut/Pois      ###.......   6%          3    ###....
d - Blade Hands           Tmut           ####......   13%         5    ######.

Your spell library contained the following spells:

 Spells                   Type           Power        Failure   Level  Hunger
 Ice Form                 Ice/Tmut       ###.....     30%         4    #####..


Dungeon Overview and Level Annotations

Branches:
Dungeon (9/15)             Temple (0/1) D:6            Lair (1/6) D:8
    Orc: D:9-12

Altars:
Ashenzari
Elyvilon
Fedhas
Gozag
Trog
Uskayaw

Shops:
D:4 }   D:5 %

Annotations:
D:2 Sigmund


Innate Abilities, Weirdness & Mutations

You are small and have problems with some larger weapons.
You are carnivorous and can eat meat at any time.
You are very robust. (+20% HP)


Message History

The mass of ice explodes!
The iceblast engulfs the hound!
The hound is severely wounded.
The iceblast engulfs the wolf!!
You kill the wolf!
Your Transmutations skill increases to level 9!
The iceblast engulfs you!
The iceblast engulfs the black mamba!!
You kill the black mamba!
The hound bites you but does no damage.
You can now pass through a line of other dancers.
Unknown command.
You aren't carrying any potions.
Unknown command.
Okay, then.
Unknown command.
Evoke which item? (* to show all) (? for menu, Esc to quit)
Aiming: Paralyse
Press: ? - help, Shift-Dir - straight line, f/p - hound
Aim: a hound (severely wounded, chance to defeat MR: 70%)
The hound struggles to resist.
You die...

# ##### #### #####...##
...#######..##..♣..########
................h.........#
.......##.#P.#......#.##.P#
.##.#...............###..P#
.###................# #..##
.# ##...............####.#
.# #...............#.##.##
.# #####..#........##...P#
.## #..#.#......##..S##


You could see a hound.

Vanquished Creatures
  Gastronok (Lair:1)
  Pikel (D:6)
  Joseph (D:7)
  A spiny frog (Lair:1)
  3 black mambas (Lair:1)
  A komodo dragon (Lair:1)
  5 blink frogs
  A spriggan (D:7)
  5 yaks
  A water moccasin (Lair:1)
  4 porcupines
  An orc warrior (D:7)
  An ice beast (D:8)
  A phantom (D:5)
  2 black bears (D:8)
  2 sky beasts
  14 wolves
  An ogre (D:6)
  3 centaurs
  A crocodile (D:8)
  10 bullfrogs
  A scorpion (D:8)
  4 wights (D:7)
  2 howler monkeys
  3 crimson imps
  A quasit (D:7)
  7 orc wizards
  5 hounds
  2 jellies
  A centaur skeleton (D:7)
  4 orc priests
  4 bullfrog skeletons
  2 iguanas
  7 worker ants
  2 hound skeletons
  Robin (D:3)
  6 adders
  A shadow imp (D:4)
  2 oozes
  An adder zombie (D:8)
  3 worms
  A dart slug (D:1)
  4 leopard geckos
  21 orcs
  4 bats
  5 giant cockroaches
  14 goblins
  6 hobgoblins
  10 jackals
  6 quokkas
  5 frilled lizards
  A jackal skeleton (D:4)
  6 kobolds
  A leopard gecko zombie (D:7)
  12 rats
215 creatures vanquished.

Vanquished Creatures (collateral kills)
  A two-headed ogre (D:8)
  A basilisk (Lair:1)
  A porcupine (Lair:1)
  A wolf (Lair:1)
  A scorpion (D:4)
  An orc priest (D:3)
  2 adders
  An adder skeleton (D:5)
  A leopard gecko (D:7)
  An orc (D:4)
11 creatures vanquished.

Vanquished Creatures (others)
  2 jackals (D:6)
  40 fungi (D:8)
  21 plants (D:8)
63 creatures vanquished.

Grand Total: 289 creatures vanquished

Notes
Turn   | Place    | Note
-------+----------+-------------------------------------------
     0 | D:1      | Jannitor the Kobold Transmuter began the quest for the Orb.
     0 | D:1      | Reached XP level 1. HP: 12/12 MP: 3/3
   241 | D:1      | Reached XP level 2. HP: 15/16 MP: 3/5
   834 | D:1      | Learned a level 2 spell: Sticks to Snakes
  1058 | D:2      | Found a hide-covered altar of Uskayaw.
  1066 | D:2      | Became a worshipper of Uskayaw the Reveler
  1109 | D:2      | Noticed Sigmund
  1181 | D:2      | Reached * piety under Uskayaw
  1189 | D:2      | Reached XP level 3. HP: 21/21 MP: 4/6
  1196 | D:2      | Reached ** piety under Uskayaw
  1403 | D:2      | Learned a level 3 spell: Spider Form
  1747 | D:2      | Reached XP level 4. HP: 22/26 MP: 5/7
  2411 | D:3      | Reached skill level 1 in Invocations
  3039 | D:3      | Reached XP level 5. HP: 22/31 MP: 8/8
  3233 | D:3      | Noticed Robin
  3840 | D:3      | Killed Robin
  3840 | D:3      | Reached skill level 1 in Poison Magic
  4016 | D:3      | Found a shattered altar of Ashenzari.
  4222 | D:3      | Reached skill level 3 in Transmutations
  4567 | D:4      | Reached XP level 6. HP: 22/36 MP: 6/9
  4950 | D:4      | Reached skill level 1 in Armour
  6300 | D:4      | Reached XP level 7. HP: 41/41 MP: 7/10
  6438 | D:4      | Found Oxoocaatwa's Gadget Shop.
  6634 | D:5      | Entered Level 5 of the Dungeon
  7091 | D:5      | Found an opulent altar of Gozag.
  7093 | D:5      | Found a white marble altar of Elyvilon.
  7362 | D:5      | Noticed a moth of wrath
  7631 | D:5      | Found Zaobes's Food Emporium.
  7649 | D:5      | Reached skill level 4 in Transmutations
  7837 | D:5      | Reached XP level 8. HP: 48/48 MP: 8/11
  7950 | D:5      | Found a bloodstained altar of Trog.
  8194 | D:5      | Got a crude quarterstaff
  8649 | D:6      | Noticed Pikel
  8656 | D:6      | Reached *** piety under Uskayaw
  8671 | D:6      | Killed Pikel
  8671 | D:6      | Reached skill level 5 in Unarmed Combat
  9052 | D:6      | Found a staircase to the Ecumenical Temple.
  9337 | D:6      | Found a blossoming altar of Fedhas.
  9419 | D:7      | Reached skill level 5 in Fighting
  9419 | D:7      | Reached skill level 5 in Transmutations
  9419 | D:7      | Reached XP level 9. HP: 48/54 MP: 7/12
  9810 | D:7      | Reached skill level 5 in Invocations
 10226 | D:7      | Noticed Joseph
 10247 | D:7      | Killed Joseph
 10919 | D:7      | Identified the +0 quarterstaff of Duleosio {pain, rF+} (You
                  | found it on level 5 of the Dungeon)
 11062 | D:7      | Reached skill level 1 in Evocations
 11062 | D:7      | Reached **** piety under Uskayaw
 11579 | D:7      | Reached skill level 6 in Transmutations
 11674 | D:8      | Reached XP level 10. HP: 51/60 MP: 11/14
 12180 | D:8      | Found a staircase to the Lair.
 12215 | D:8      | Noticed a two-headed ogre
 12235 | D:8      | Killed a two-headed ogre
 12736 | D:8      | Learned a level 5 spell: Blade Hands
 13437 | D:9      | Noticed a brown ugly thing
 13551 | Lair:1   | Entered Level 1 of the Lair of Beasts
 13573 | D:8      | Reached skill level 5 in Armour
 13803 | D:8      | Reached skill level 7 in Transmutations
 13938 | Lair:1   | Noticed Gastronok
 13945 | Lair:1   | Reached XP level 11. HP: 47/67 MP: 8/16
 14127 | Lair:1   | Killed Gastronok
 14127 | Lair:1   | Reached skill level 5 in Evocations
 14877 | Lair:1   | Reached skill level 8 in Transmutations
 15655 | Lair:1   | Reached ***** piety under Uskayaw
 17013 | Lair:1   | HP: 3/69 [poisoned by a black mamba]
 17016 | Lair:1   | Gained mutation: You are robust. (+10% HP) [potion of
                  | mutation]
 17016 | Lair:1   | Gained mutation: Your magical capacity is low. (-10% MP)
                  | [potion of mutation]
 17016 | Lair:1   | Lost mutation: Your magical capacity is low. (-10% MP)
                  | [potion of mutation]
 17016 | Lair:1   | Gained mutation: You are very robust. (+20% HP) [potion of
                  | mutation]
 17017 | Lair:1   | HP: 1/123 [hound (1)]
 17018 | Lair:1   | Reached skill level 9 in Transmutations
 17019 | Lair:1   | Succumbed to a black mamba's poison

Skill      XL: |  1  2  3  4  5  6  7  8  9 10 11 |
---------------+----------------------------------+-----
Dodging        | 3 |  3.5
Fighting       | 2 3 5 6 7 8 |  8.8
Invocations    | 1 2 3 4 5 7 |  7.0
Poison Magic   | 1 |  1.8
Transmutations | 3 4 5 6 7 9 |  9.0
Unarmed Combat | 4 5 6 7 8 |  8.5
Armour         | 1 2 3 4 5 |  5.5
Evocations     | 1 4 5 |  5.3
Spellcasting   | 3 |  3.2

Action                   |  1- 3 |  4- 6 |  7- 9 | 10-12 || total
-------------------------+-------+-------+-------+-------++-------
Melee: Unarmed           |   101 |   289 |   429 |   409 ||  1228
       Kick              |     8 |    15 |     9 |       ||    32
       Headbutt          |     6 |     9 |    16 |    35 ||    66
       Punch             |     1 |     3 |     7 |     9 ||    20
 Cast: Beastly Appendage |    20 |    16 |    11 |    22 ||    69
       Sticks to Snakes  |     2 |     6 |    14 |    43 ||    65
       Spider Form       |       |     8 |    12 |    12 ||    32
       Blade Hands       |       |       |       |     2 ||     2
Invok: Stomp             |       |       |       |     1 ||     1
 Abil: End Transformatio |       |       |     1 |       ||     1
Evoke: Wand              |       |       |       |     9 ||     9
  Use: Potion            |       |     6 |     3 |     7 ||    16
       Scroll            |       |       |    13 |     3 ||    16
 Stab: Sleeping          |     1 |     2 |       |       ||     3
       Paralysed         |       |       |     3 |    21 ||    24
       Distracted        |       |       |     3 |     1 ||     4
  Eat: Chunk             |    12 |    15 |    22 |    22 ||    71
Armor: Robe              |    17 |    17 |       |       ||    34
       Ring mail         |       |    33 |   109 |   138 ||   280
       Skin              |       |     5 |     2 |    12 ||    19
Dodge: Dodged            |    83 |   251 |   277 |   324 ||   935
